[Event "Early-Titled-Tuesday-Blitz-April-02-2024"]
[Site "Chess.com"]
[Date "2024.04.02"]
[Round "11"]
[White "alexrustemov"]
[Black "PavelShkapenko"]
[Result "1/2-1/2"]
[WhiteElo "2871"]
[BlackElo "2720"]
[TimeControl "180+1"]
[EndTime "10:09:19 PDT"]
[Termination "Game drawn - insufficient material"]

1. d4 d5 2. c4 dxc4 3. Nf3 Nf6 4. e3 Bg4 5. Bxc4 e6 6. h3 Bh5 7. O-O Nc6 8. Nc3 Bd6 9. Re1 O-O 10. g4 Nxg4 11.
hxg4 Bxg4 12. Kg2 Qf6 13. Rh1 Rad8 14. Be2 e5 15. d5 Ne7 16. e4 Ng6 17. Nh2 Nh4+ 18.
Kg1 Bh3 19. Ng4 Bxg4 20. Bxg4 Bc5 21. Qe2 Ng6 22. Bf5 h6 23. Be3 Bd4 24. Rh3 Nf4 25.
Bxf4 exf4 26. Bg4 Rfe8 27. Kh1 Bxc3 28. bxc3 Rxd5 29. Rg1 Rg5 30. Bd7 Rxg1+ 31. Kxg1 Rd8 32. Ba4 Qe5 33. Qf3 Rd6 34. Kh2 Rg6 35. Bb3 Qg5 36. Qh1 f3 37. Rg3 Qh4+ 38. Kg1 Rxg3+ 39. fxg3 Qxg3+ 40. Kf1 Qf4 41. Kf2 Qd2+ 42. Kxf3 Qxc3+ 43. Kf4 c5 44. Qd1 c4 45. Bc2 Qf6+ 46. Ke3 Qc3+ 47. Ke2 g6 48. a4 Kg7 49. Qd2 Qxd2+ 50. Kxd2 Kf6 51. Kc3 h5 52. Kxc4 Ke5 53. Kd3 Kf4 54.
Ke2 Kg3 55. e5 Kf4 56. Bb3 Kxe5 57. Bxf7 Kf6 58. Bd5 b6 59. Kf3 g5 60. Ke4 g4 61.
Kf4 Ke7 62. Bc4 Kd6 63. Kg3 Kc5 64. Bb5 Kb4 65. Bc6 a6 66. Kh4 b5 67. axb5 axb5 68.
Kxh5 Kc5 69. Bb7 g3 70. Kh4 b4 71. Kxg3 Kd4 72. Kf3 b3 73. Be4 Kc3 74. Bh7 Kd2 75. Kf2 b2 76. Bg6 Kc1 77. Ke2 b1=Q 78. Bxb1 1/2-1/2

[Event "Early-Titled-Tuesday-Blitz-April-02-2024"]
[Site "Chess.com"]
[Date "2024.04.02"]
[Round "11"]
[White "MagnusCarlsen"]
[Black "XDPS"]
[Result "1/2-1/2"]
[WhiteElo "3213"]
[BlackElo "2930"]
[TimeControl "180+1"]
[EndTime "10:09:20 PDT"]
[Termination "Game drawn - insufficient material"]

1. c4 e6 2. g3 d5 3. Bg2 Nf6 4. Nf3 Be7 5. O-O O-O 6. d3 c5 7. Nc3 d4 8. Na4 Nc6 9. Bg5 Nd7 10. Bxe7 Qxe7 11. a3 Rb8 12. Nd2 e5 13. Re1 f5 14.
e3 Qd6 15. b4 cxb4 16. c5 Qh6 17. exd4 Nxd4 18. axb4 f4 19. Nf3 fxg3 20. fxg3 Kh8 21. Nc3 b6 22. Nxd4 exd4 23. Ne4 bxc5 24. bxc5 Bb7 25. Qc1 Bxe4 26. Bxe4 Qh5 27. Rf1 Qxc5 28. Rxf8+ Rxf8 29. Qxc5 Nxc5 30. Rxa7 g6 31. Re7 Rb8 32.
Re5 Rb1+ 33. Kg2 Rc1 34. h4 Rc3 35. h5 gxh5 36. Bf5 Nxd3 37. Re7 Ne1+ 38. Kh3 Nf3 39. Rxh7+ Kg8 40. Rd7 Kf8 41. Rd5 Ke7 42. Be4 Ke6 43.
Rxh5 Ng1+ 44. Kg4 Ne2 45. Bf3 d3 46. Rh1 Nd4 47. Re1+ Kd6 48. Be4 d2 49. Rd1 Re3 50.
Bg6 Re2 51. Bd3 Rf2 52. Bg6 Ke5 53. Be8 Ne6 54. Ba4 Nc5 55. Bc2 Ne4 56. Ra1 Nc3 57. Ra3 Kd4 58. Ra8 Rf1 59. Rd8+ Nd5 60. Bb3 d1=Q+ 61. Bxd1 Rxd1 62. Kf5 Rf1+ 63. Kg5 Ke5 64.
g4 Rg1 65. Re8+ Kd6 66. Rd8+ Ke6 67. Rf8 Ne7 68. Rf6+ Kd7 69. Rf3 Rg2 70. Rf7 Ke6 71. Rf6+ Ke5 72. Rf3 Nd5 73. Rf5+ Ke6 74. Rf1 Ne3 75. Rf4 Rxg4+ 76. Rxg4 Nxg4 1/2-1/2

[Event "Early-Titled-Tuesday-Blitz-April-02-2024"]
[Site "Chess.com"]
[Date "2024.04.02"]
[Round "11"]
[White "Egor_Koshulyan"]
[Black "ViIIagra"]
[Result "1/2-1/2"]
[WhiteElo "2767"]
[BlackElo "2905"]
[TimeControl "180+1"]
[EndTime "10:09:24 PDT"]
[Termination "Game drawn by repetition"]

1. f4 h5 2. Nf3 d5 3. b3 c5 4. Bb2 Nc6 5. e3 Bf5 6. Be2 e6 7. O-O Nf6 8. Ne5 h4 9. d3 Nxe5 10. fxe5 Nd7 11. Nd2 Qc7 12. Nf3 g5 13. Nxg5 Bh6 14.
e4 Bxg5 15. exf5 O-O-O 16. Bg4 Nxe5 17. fxe6 fxe6 18. Bxe6+ Kb8 19. Bh3 d4 20. Bc1 Be7 21.
Bf4 Bd6 22. Qd2 Rdf8 23. Kh1 a6 24. Rae1 Ka7 25. a4 Rxf4 26. Rxf4 Nxd3 27. Qxd3 Bxf4 28. b4 Bxh2 29. bxc5 Bg3 30. Rb1 Qxc5 31. Qe4 Rb8 32. Bg4 Bf2 33. Rb3 Qc6 34. Bf3 Qxe4 35. Bxe4 b5 36. axb5 axb5 37. Kh2 Kb6 38. Bd3 Kc5 39. Kh3 Re8 40. Kg4 b4 41. Kf3 Be3 42. Be4 Rf8+ 43. Ke2 Rf7 44. Rb1 Ra7 45. Rf1 Ra2 46. Rf5+ Kd6 47.
Rd5+ Kc7 48. Rh5 b3 49. Rb5 bxc2 50. Rc5+ Kd6 51. Rxc2 Ra3 52. Bd3 Ke5 53. Rc5+ Kf4 54. Rf5+ Kg3 55. Be4 Ra2+ 56. Kf1 Ra1+ 57. Ke2 Rg1 58.
Rf3+ Kg4 59. Bf5+ Kg5 60. Bh3 Rb1 61. Rf5+ Kg6 62. Rc5 Rb2+ 63. Kd3 Rf2 64. Rd5 Kf6 65. Ke4 Rf4+ 66. Kd3 Rf2 67. Ke4 Kg6 68. Rd6+ Kg5 69. Rd5+ Kh6 70. Rd6+ Kg7 71. Rd7+ Kf6 72. Rd6+ Ke7 73.
Rd7+ Ke8 74. Rd5 Rf4+ 75. Kd3 Ke7 76. Re5+ Kd6 77. Rf5 Rxf5 78. Bxf5 Ke5 79. Bh3 Kf4 80. Bc8 Kg3 81. Bb7 Kf2 82. Bc6 Kg3 83. Bb7 Kf2 84.
Bc6 Kg3 85. Bb7 1/2-1/2

[Event "Early-Titled-Tuesday-Blitz-April-02-2024"]
[Site "Chess.com"]
[Date "2024.04.02"]
[Round "11"]
[White "FredddieCroderg"]
[Black "bazar-wokzal"]
[Result "1/2-1/2"]
[WhiteElo "2373"]
[BlackElo "2540"]
[TimeControl "180+1"]
[EndTime "10:09:27 PDT"]
[Termination "Game drawn by repetition"]

1. e4 Nc6 2. Bc4 Nf6 3. d3 d5 4. exd5 Nxd5 5. Nc3 Be6 6. Nxd5 Bxd5 7. Bxd5 Qxd5 8.
Nf3 O-O-O 9. O-O e5 10. Be3 f5 11. a3 h6 12. b4 g5 13. c4 Qxd3 14. Qxd3 Rxd3 15.
b5 Na5 16. Nxe5 Rxe3 17. fxe3 Bg7 18. Rxf5 Re8 19. c5 Bxe5 20. Rd1 Nc4 21. Rd5 c6 22. bxc6 bxc6 23. Rd3 Nxe3 24. Rf7 Nd5 25. Rxa7 Bc7 26. Rb3 Re1+ 27. Kf2 Rc1 28. Ra8+ Kd7 29. Rh8 Rxc5 30. Rxh6 Rc2+ 31. Kf3 Bb6 32. Rh5 Rf2+ 33. Kg3 Be3 34. Rxg5 Rxg2+ 35. Kxg2 Bxg5 36. a4 c5 37. a5 c4 38. Rb5 Kc6 39. Rb1 c3 40. a6 c2 41.
Ra1 c1=Q 42. Rxc1+ Bxc1 43. h4 Kb6 44. Kf3 Kxa6 45.
Kg4 Ne7 46. h5 Ng8 47. Kf5 Kb5 48. Kg6 Kc6 49. Kg7 Nh6 50. Kg6 Kd6 51. Kg7 Ke6 52.
Kg6 Ke5 53. Kg7 Kf5 54. Kh7 Kg5 55. Kg7 Bb2+ 56. Kf8 Ba3+ 57. Ke8 Kxh5 58. Kd7 Kg6 59. Kc7 Kf6 60. Kc6 Ke6 61. Kb5 Kd5 62. Ka4 Bc5 63.
Kb5 Nf5 64. Ka6 Nd6 65. Ka5 Kc4 66. Ka6 Nb5 67. Kb7 Kd5 68. Ka8 Kc6 69. Kb8 Bd4 70.
Ka8 Nc7+ 71. Kb8 Bb6 72. Kc8 Ba7 73. Kd8 Nd5 74. Kc8 Ne7+ 75. Kd8 Kd6 76. Ke8 Ke6 77.
Kd8 Bb6+ 78. Ke8 Nf5 79. Kf8 Kf6 80. Ke8 Ke6 81. Kf8 Bc5+ 82. Ke8 Bb6 1/2-1/2

[Event "Early-Titled-Tuesday-Blitz-April-02-2024"]
[Site "Chess.com"]
[Date "2024.04.02"]
[Round "11"]
[White "SahibSinghKnight"]
[Black "Onischuk_V"]
[Result "0-1"]
[WhiteElo "2627"]
[BlackElo "2832"]
[TimeControl "180+1"]
[EndTime "10:09:31 PDT"]
[Termination "Onischuk_V won by resignation"]

1. e4 d6 2. d4 Nf6 3. Nc3 g6 4. f4 Bg7 5. e5 dxe5 6. fxe5 Nd5 7. Bc4 Nxc3 8. bxc3 O-O 9. Nf3 c5 10. O-O Bg4 11.
Be3 Nc6 12. h3 Bxf3 13. Rxf3 Rc8 14. Bb3 Qa5 15. Qf1 Qxc3 16. Bf2 Qa5 17. Bxf7+ Kh8 18. c3 Rcd8 19. Qc4 cxd4 20. cxd4 Qd2 21. Be3 Qb2 22. Raf1 Nxd4 23. R3f2 Qb6 24. Bd5 Rxf2 25. Rxf2 Bxe5 26. Rf7 Qb1+ 27. Rf1 Qb2 28. Rf2 Qa1+ 29. Rf1 Qc3 30. Qxc3 Ne2+ 31. Kf2 Nxc3 32. Bxb7 Nd1+ 33. Ke2 Nxe3 34.
Kxe3 Kg7 35. Be4 Bd4+ 36. Ke2 Rd6 37. Rb1 Bb6 38. Rd1 Re6 39. Kf3 h6 40. Rd2 g5 41.
Kg4 Rf6 42. Bf3 Rf4+ 43. Kg3 Bc7 44. Re2 Rf7+ 45. Kf2 Bb6+ 46. Ke1 Bc5 47. Kd1 Rf4 48. Kc2 Rc4+ 49. Kb3 Rb4+ 50. Kc3 Bd6 51. Re6 Ra4 52.
Kb3 Ra3+ 53. Kb2 Rd3 54. Kc2 Ra3 55. Kb2 Ra5 56. Be4 Be5+ 57. Kb3 Bf6 58. Bd3 h5 59.
Re4 h4 60. Rg4 Rc5 61. Be4 Rc3+ 62. Ka4 Re3 63. Bf3 Kg6 64. Re4 Rc3 65. Rg4 Kf5 66. Be4+ Ke5 67. Bf3 Re3 68. Kb4 Kf5 69. Ka4 e5 70.
Rb4 e4 71. Bg4+ Kf4 72. Rb5 Be7 73. Rf5+ Kg3 74. Rf7 Ra3+ 75. Kb5 Bd6 76. Rf5 Bf4 77. Rf7 Rxa2 78. Re7 e3 79. Bf3 Rxg2 80. Bxg2 Kxg2 81. Kc4 Kxh3 82. Kd3 Kg2 83. Rxa7 h3 84. Ra2+ Kf3 85. Ra1 h2 86. Rh1 Kg2 87. Ke2 Kxh1 88. Kf1 g4 0-1

[Event "Early-Titled-Tuesday-Blitz-April-02-2024"]
[Site "Chess.com"]
[Date "2024.04.02"]
[Round "11"]
[White "DanylaBagrov"]
[Black "Josgar05"]
[Result "0-1"]
[WhiteElo "2475"]
[BlackElo "2362"]
[TimeControl "180+1"]
[EndTime "10:09:31 PDT"]
[Termination "Josgar05 won by resignation"]

1. d4 g6 2. Bf4 Bg7 3. e3 c5 4. h3 cxd4 5. exd4 Qb6 6. Nc3 Bxd4 7.
Nd5 Qxb2 8. Rb1 Bc3+ 9. Ke2 Qxa2 10. Nc7+ Kd8 11. Nxa8 Nc6 12. Kf3 Nf6 13. g4 b6 14.
Kg3 Bb7 15. Nc7 Ne4+ 16. Kg2 Nd4 17. f3 Nxc2 18. Ne2 Ne1+ 19. Kg1 Nxf3+ 20. Kg2 Ne1+ 21. Kg1 Nf3+ 22. Kg2 Bd4 23. Nb5 Nfd2 24. Kh2 Nf3+ 25. Kg2 Bc5 26. Qb3 Qxb3 27. Rxb3 Nfd2 28. Rb2 Ng5+ 29.
Kh2 Ngf3+ 30. Kg2 Ne1+ 31. Kh2 Ndf3+ 32. Kg3 h5 33. g5 h4+ 34. Kg4 d6 35. Bd2 Bc8+ 36.
Kf4 e5+ 37. Ke4 Bf5+ 38. Kd5 Nd3 39. Kc4 Nxb2+ 40. Kb3 Nd3 41. Nec3 Nd4+ 42. Ka2 Nxb5 43. Nxb5 Be6+ 44. Kb1 Ke7 45. Bxd3 d5 46. Rf1 e4 47. Bc2 Rc8 48. Bc3 a6 49. Bf6+ Kd7 50. Nd4 b5 51.
Bb3 Bxd4 52. Bxd4 a5 53. Rd1 a4 54. Ba2 b4 55. Ka1 b3 56. Bb1 a3 57. Bf6 Rc4 58.
Be5 Kc6 59. Bf6 Kb5 60. Be7 Ka4 61. Bf6 b2+ 62. Ka2 d4 63. Bxe4 Rc3+ 64. Kb1 Bb3 65. Rxd4+ Rc4 66. Rxc4+ Bxc4 67. Bc2+ Bb3 68. Bxb2 axb2 69.
Kxb2 Bxc2 70. Kxc2 Kb4 71. Kd3 Kc5 72. Ke4 Kc4 73. Kf4 Kd4 74. Kg4 Ke4 75. Kxh4 Kf5 76. Kg3 Kxg5 77. Kf3 f5 78. Kg3 f4+ 79. Kf3 Kf5 80.
h4 Ke5 81. Kg4 Ke4 82. Kg5 f3 83. Kxg6 f2 84. h5 f1=Q 85. h6 Qf8 86. Kh7 Ke5 87. Kg6 Qh8 88. h7 Ke6 89. Kh6 Kf7 0-1

[Event "Early-Titled-Tuesday-Blitz-April-02-2024"]
[Site "Chess.com"]
[Date "2024.04.02"]
[Round "11"]
[White "ChristianArca"]
[Black "Vse_po_kaify"]
[Result "1-0"]
[WhiteElo "2672"]
[BlackElo "2520"]
[TimeControl "180+1"]
[EndTime "10:09:34 PDT"]
[Termination "ChristianArca won by checkmate"]

1. e4 e5 2. Nf3 Nf6 3. Nc3 Bb4 4. Nxe5 O-O 5. Be2 Re8 6. Nf3 Bxc3 7. dxc3 Nxe4 8. O-O d6 9. h3 Nd7 10. Bf4 Ndf6 11.
Bd3 Bf5 12. Re1 Qd7 13. Nh4 Bg6 14. Nxg6 hxg6 15. Qf3 Nc5 16. Bc4 Nce4 17. Rad1 Re7 18. Bd3 Rae8 19. Re3 c6 20. c4 a6 21. Rde1 Nd2 22. Qd1 Rxe3 23. Rxe3 Rxe3 24. Bxe3 Nde4 25. Qf3 Qe6 26. b3 Qe5 27. a4 Qa1+ 28. Kh2 Qe5+ 29. Bf4 Qd4 30. Be3 Qe5+ 31. g3 Nc5 32. Qf4 Nxd3 33.
cxd3 Qc3 34. Qxd6 Qxb3 35. a5 Qc2 36. Qb8+ Kh7 37. Qxb7 Qxd3 38. Qxa6 Qe4 39. Qb7 Ne8 40. a6 Nd6 41. Qb6 Nxc4 42. Qd4 Qc2 43. Bf4 Qa2 44.
a7 c5 45. Qxc4 Qxc4 46. a8=Q Qe6 47. Qb8 c4 48. Qd6 Qe4 49. Qe5 Qc2 50. Be3 c3 51. Bd4 f6 52. Qe3 Qa2 53. Qxc3 Qe2 54.
Qe3 Qa2 55. Qf4 Qc2 56. Qh4+ Kg8 57. Qg4 Kh7 58. h4 Kg8 59. Qe6+ Kh7 60. Kg2 Qd3 61.
Qe3 Qc4 62. Qe4 Qa2 63. h5 f5 64. Qe5 Qa8+ 65. Kh2 Qb7 66. hxg6+ Kxg6 67. Qe6+ Kg5 68. Be3+ Kg4 69. Qg6+ Kf3 70. Qxf5+ Ke2 71. Qh5+ Ke1 72.
Qc5 g6 73. Qc1+ Ke2 74. Qd2+ Kf3 75. Qd1+ Ke4 76. Qh1+ Kd3 77. Qxb7 g5 78. Bxg5 Ke2 79. f4 Kf2 80. f5 Ke2 81. f6 Kd3 82. f7 Kd4 83.
f8=Q Ke5 84. Qf6# 1-0

[Event "Early-Titled-Tuesday-Blitz-April-02-2024"]
[Site "Chess.com"]
[Date "2024.04.02"]
[Round "11"]
[White "Ordekalog"]
[Black "GMKrikor"]
[Result "0-1"]
[WhiteElo "2619"]
[BlackElo "2882"]
[TimeControl "180+1"]
[EndTime "10:09:37 PDT"]
[Termination "GMKrikor won on time"]

1. e4 c5 2. d3 Nc6 3. g3 g6 4.
Bg2 Bg7 5. f4 d6 6. Nf3 e5 7. O-O Nge7 8. f5 gxf5 9. Nh4 Bf6 10. Nxf5 Bxf5 11. exf5 Qd7 12. Nc3 d5 13. Qh5 O-O-O 14.
Qxf7 Rhf8 15. Qe6 Nd4 16. Qxd7+ Rxd7 17. Rf2 h5 18. Na4 b6 19. c3 Ndc6 20. Bd2 Rg8 21.
Bf3 h4 22. g4 e4 23. dxe4 dxe4 24. Be2 Kb7 25. Bf4 Nxf5 26. Kh1 Nfe7 27. Rg1 Bg5 28. Bc4 Rg7 29. Be6 Rd8 30. h3 Rd3 31. Kh2 e3 32.
Rf3 Bxf4+ 33. Rxf4 Ng6 34. Re4 Re7 35. Bf5 Nge5 36.
Kh1 e2 37. Rxe2 Rxh3+ 38. Kg2 Rg3+ 39. Kh1 Rxg1+ 40. Kxg1 Rg7 41. Kg2 Nxg4 42. Kh3 Nge5 43. Be4 Kc7 44. Kxh4 Kd6 45. b3 Rg4+ 46. Kh3 Rf4 47.
Nb2 Kc7 48. Kg3 Rf8 49. c4 Rg8+ 50. Kf2 Nd4 51. Rd2 Rf8+ 52. Ke1 Nef3+ 53. Bxf3 Nxf3+ 54. Ke2 Nxd2 55. Kxd2 Rf2+ 56. Kc3 Rh2 57. a3 Rh3+ 58. Nd3 Kd6 59. Kc2 Rh2+ 60. Kc3 Rh8 61. b4 a6 62.
b5 axb5 63. cxb5 Rh4 64. Nb2 Kd5 65. Kb3 Kd4 66. a4 Rh3+ 67. Kc2 c4 68. Nd1 Ra3 69.
Nb2 Kc5 70. Kb1 Kb4 71. Nd1 Rxa4 72. Kb2 Ra3 73. Nf2 Rb3+ 74. Kc2 Kxb5 75. Ne4 Kc6 76. Nd2 Rb4 77. Kc3 Kc5 78. Ne4+ Kb5 79. Nd6+ Ka4 80. Nxc4 Rxc4+ 81. Kxc4 b5+ 82. Kc3 Ka3 83. Kc2 b4 84. Kb1 Kb3 85. Ka1 Kc2 0-1

[Event "Early-Titled-Tuesday-Blitz-April-02-2024"]
[Site "Chess.com"]
[Date "2024.04.02"]
[Round "11"]
[White "Sanyura"]
[Black "valik3504"]
[Result "0-1"]
[WhiteElo "2610"]
[BlackElo "2558"]
[TimeControl "180+1"]
[EndTime "10:09:37 PDT"]
[Termination "valik3504 won on time"]

1. e4 e5 2. Nf3 Nc6 3. Bb5 a6 4.
Ba4 Nf6 5. O-O Nxe4 6. Re1 Nc5 7. Bxc6 dxc6 8. Nxe5 Be7 9. d4 Ne6 10. c3 O-O 11.
Nd2 c5 12. Ndf3 cxd4 13. cxd4 c6 14. Qc2 Nc7 15. Bf4 Nd5 16. Bg3 g6 17. a3 Qb6 18. b4 Bf5 19. Qd2 Rfe8 20. Re2 Rad8 21. Rae1 Nf6 22. h3 Bf8 23. Ng5 Qxd4 24. Qxd4 Rxd4 25.
Ng4 Bxg4 26. Rxe8 Nxe8 27. Rxe8 Bd7 28. Rb8 Rd1+ 29. Kh2 h6 30. Ne4 f5 31. Nc5 Kf7 32.
Rxb7 Bxc5 33. bxc5 Ke6 34. Ra7 Bc8 35. Rg7 g5 36. Rg6+ Kf7 37. Rxc6 Bd7 38. Rc7 Ke6 39. Bd6 Bb5 40. Re7+ Kd5 41. Re5+ Kc6 42. Rxf5 Rd3 43. Rf6 Rxa3 44. Bf8+ Kd5 45. Rd6+ Ke5 46. Rxh6 Ra2 47. c6 Rc2 48. c7 Kf5 49. Bd6 Bd7 50. g4+ Ke4 51. Rh7 Bc8 52. Rh8 Bd7 53. Rd8 Be6 54. Bg3 Rc1 55. Re8 Kd5 56. h4 gxh4 57. Bxh4 Bxg4 58.
f3 Bf5 59. Kg3 a5 60. Bf6 Kd6 61.
Be5+ Kd7 62. Rd8+ Ke7 63. Ra8 Bd7 64. Rxa5 Rc4 65. Bf4 Rc3 66. Re5+ Kf7 67. Rd5 Bc8 68. Rd8 Bb7 69. Kg4 Bxf3+ 70. Kf5 Rc5+ 71. Be5 Bb7 72. Rd7+ Ke8 73. Rg7 Bc8+ 74. Ke4 Rc1 75. Kd5 Bb7+ 76. Kd4 Rd1+ 77. Ke3 Re1+ 78. Kf4 Rf1+ 79. Kg4 Bc8+ 80.
Kh5 Bh3 81. Rg8+ Kf7 82. Bg7 Kxg8 0-1

[Event "Early-Titled-Tuesday-Blitz-April-02-2024"]
[Site "Chess.com"]
[Date "2024.04.02"]
[Round "11"]
[White "shimastream"]
[Black "superchess02"]
[Result "1/2-1/2"]
[WhiteElo "3005"]
[BlackElo "2873"]
[TimeControl "180+1"]
[EndTime "10:09:38 PDT"]
[Termination "Game drawn by stalemate"]

1. e4 c5 2. d4 cxd4 3. Qxd4 Nc6 4. Qd3 g6 5. Nf3 Bg7 6. Nc3 d6 7. Be2 Bg4 8. O-O Nf6 9. Nd5 O-O 10. c3 Rc8 11. Bg5 Re8 12. Rad1 h6 13. Bxf6 exf6 14. h3 f5 15. hxg4 fxe4 16. Qd2 exf3 17. Bxf3 Ne5 18. Be2 Qh4 19. g3 Qd8 20. Kg2 Qd7 21. g5 hxg5 22. Qxg5 Qa4 23. Qf4 Qxa2 24. Rh1 Re6 25.
Bg4 Nxg4 26. Qxg4 Rc4 27. Qf3 Qxb2 28. Rb1 Qe2 29. Rxb7 Qxf3+ 30. Kxf3 Rc5 31. c4 Rxc4 32. Rxa7 Rc5 33. Rd1 Bf8 34. Rd2 Kg7 35. Kg2 Re5 36. Nf4 Rc8 37. Rb2 Re7 38. Ra6 Rd7 39. Nd5 Rc5 40.
Rd2 Rb7 41. Ra8 Rcb5 42. g4 Rb8 43. Ra7 R8b7 44. Ra8 Rb8 45. Ra6 Rb2 46. Rd4 Rc8 47. g5 Rcc2 48. Rf4 Rb5 49. Nf6 Rxg5+ 50. Kh3 Rf5 51.
Rxf5 gxf5 52. Ne8+ Kg8 53. f4 Re2 54. Nf6+ Kg7 55. Nd5 Rd2 56. Ra5 Kg6 57. Kg3 Rd3+ 58. Kf2 Rd4 59. Ke3 Re4+ 60. Kf3 Bg7 61. Ne3 Re6 62.
Nxf5 Bf8 63. Rd5 Kf6 64. Ng3 Re1 65. Ne4+ Ke6 66. Ra5 d5 67. Ng5+ Kd6 68. Nxf7+ Kc6 69. Ne5+ Kd6 70. Ra8 Be7 71. Ra6+ Kc7 72. Re6 Bd6 73. Kg4 Bxe5 74. fxe5 Kd7 75. Rd6+ Ke7 76. Kf4 Rf1+ 77. Ke3 Re1+ 78. Kd4 Rd1+ 79. Kc5 Rc1+ 80. Kxd5 Rd1+ 81. Kc6 Re1 82. Kd5 Rd1+ 83. Kc5 Rxd6 84. exd6+ Kd7 85. Kd5 Kd8 86. Ke6 Ke8 87. d7+ Kd8 88.
Kd6 1/2-1/2

[Event "Early-Titled-Tuesday-Blitz-April-02-2024"]
[Site "Chess.com"]
[Date "2024.04.02"]
[Round "11"]
[White "edgarhay012"]
[Black "JoshuaGK27"]
[Result "1/2-1/2"]
[WhiteElo "2617"]
[BlackElo "2534"]
[TimeControl "180+1"]
[EndTime "10:09:45 PDT"]
[Termination "Game drawn - insufficient material"]

1. Nf3 Nf6 2. c4 e6 3. g3 d5 4.
b3 Be7 5. Bg2 O-O 6. O-O c5 7.
Bb2 Nc6 8. d3 d4 9. Nbd2 Qc7 10.
Re1 b6 11. e4 Nd7 12. a3 Bb7 13. Qe2 e5 14. Kh1 a5 15. Rad1 Rae8 16. Ng1 Bd6 17.
Nf1 Bc8 18. Bc1 Nf6 19. h3 Kh8 20. f4 exf4 21. gxf4 Bxf4 22. Bxf4 Qxf4 23. Qd2 Qxd2 24. Nxd2 Ne5 25. Ndf3 Nfd7 26. b4 Nxf3 27. Nxf3 Ne5 28.
Nxe5 Rxe5 29. bxa5 bxa5 30. Rb1 f5 31. exf5 Rxe1+ 32. Rxe1 Bxf5 33. Bf1 Bg6 34. Kg1 h6 35. Re5 Rf3 36. Be2 Rxh3 37. Re6 Re3 38. Rxg6 Rxe2 39. Rc6 Re3 40. Rxc5 Rxd3 41. Rxa5 Rc3 42. c5 Rc2 43. Kf1 d3 44. Ke1 Kh7 45. Kd1 Kg6 46. Ra6+ Kg5 47. c6 h5 48. Ra7 g6 49. c7 h4 50. Ra5+ Kg4 51. Ra4+ Kf3 52. Rxh4 Rxc7 53. Rd4 Ke3 54. Rg4 Rc6 55. Rg3+ Kd4 56. Kd2 Rc2+ 57. Kd1 Rc6 58.
Kd2 Rc2+ 59. Kd1 Ra2 60. Rxg6 Ra1+ 61. Kd2 Ra2+ 62. Kd1 Rxa3 63. Rd6+ Kc5 64. Rd8 Kc4 65. Kd2 Ra2+ 66. Kd1 Ra5 67. Kd2 Ra2+ 68. Kd1 Rh2 69. Rc8+ Kd4 70. Rd8+ Kc3 71. Rc8+ Kb2 72. Rb8+ Kc3 73.
Rc8+ Kb4 74. Rb8+ Kc5 75. Rc8+ Kd4 76. Rd8+ Ke3 77. Re8+ Kf4 78. Rf8+ Ke5 79. Re8+ Kf6 80. Rf8+ Ke5 81. Rd8 Kf5 82. Rxd3 Rh1+ 83. Kc2 Rh2+ 84.
Kc3 Rh4 85. Rd8 Ke6 86. Rc8 Kd7 87. Rc5 Kd6 88. Rg5 Kd7 89. Rg3 Ke6 90. Rd3 Ke7 91. Rd4 Rxd4 92. Kxd4 1/2-1/2

[Event "Early-Titled-Tuesday-Blitz-April-02-2024"]
[Site "Chess.com"]
[Date "2024.04.02"]
[Round "11"]
[White "GoltsevDmitry2000"]
[Black "Meri-Arabidze"]
[Result "0-1"]
[WhiteElo "2817"]
[BlackElo "2707"]
[TimeControl "180+1"]
[EndTime "10:09:49 PDT"]
[Termination "Meri-Arabidze won by checkmate"]

1. d4 Nf6 2. Nc3 d5 3. Bf4 e6 4. e3 Bb4 5. Nf3 O-O 6. Ne5 Ne4 7. Qd3 c5 8. dxc5 Qa5 9. Rd1 Nxc3 10. bxc3 Bxc3+ 11.
Ke2 Qxc5 12. Nf3 b6 13. Bd6 Qxd6 14. Qxc3 Nc6 15. Kd2 Bb7 16. Bd3 Rfc8 17. Ke2 Nb4 18. Qb2 h6 19. a3 Nxd3 20. cxd3 Ba6 21. Rd2 Rc7 22. a4 Rac8 23. Nd4 Rc5 24. f4 Ra5 25. Ra1 Qd7 26. Qa3 Rac5 27. Qb4 Qd8 28. g3 Qd7 29. a5 b5 30. Rf1 Bb7 31. Qb2 a6 32.
Nf3 f6 33. Nd4 Kh8 34. f5 e5 35. Ne6 Rc3 36. g4 d4 37. e4 Qc6 38. Rf3 Rc2 39. Qxc2 Qxc2 40. Rxc2 Rxc2+ 41. Ke1 Rc3 42. Kd2 Bxe4 43. Rg3 Bd5 44. Nf8 Kg8 45. Ng6 Kf7 46. Rg1 b4 47. Ra1 b3 48. Rc1 b2 49. Rb1 Rb3 50.
Kc2 Rb5 51. Rxb2 Rxb2+ 52. Kxb2 Bf3 53. h3 Bg2 54. Nh8+ Kg8 55. Ng6 Bxh3 56. Ne7+ Kf7 57. Nd5 Bxg4 58. Nc7 Bxf5 59. Nxa6 Bxd3 60. Nc5 Bb5 61.
Kb3 d3 62. Ne4 Ba6 63. Nc5 Bb5 64. Ne4 Ke6 65. Kb4 Bc6 66. Nc5+ Kd6 67. Nxd3 h5 68. a6 h4 69. Nf2 g5 70. Kc3 f5 71. Kd3 Bb5+ 72. Ke3 Bxa6 73. Nh3 g4 74. Nf2 f4+ 75. Ke4 g3 76. Nh3 Bb7+ 77. Kf5 Bc8+ 78. Kg5 Bxh3 79. Kxh4 g2 80. Kg5 g1=Q+ 81. Kf6 f3 82.
Kf7 f2 83. Kf8 f1=Q+ 84. Ke8 Qg8# 0-1

[Event "Early-Titled-Tuesday-Blitz-April-02-2024"]
[Site "Chess.com"]
[Date "2024.04.02"]
[Round "11"]
[White "BashiqChess"]
[Black "guillembaches"]
[Result "1/2-1/2"]
[WhiteElo "2505"]
[BlackElo "2565"]
[TimeControl "180+1"]
[EndTime "10:11:01 PDT"]
[Termination "Game drawn by 50-move rule"]

1. Nf3 d5 2. b3 Nf6 3. Bb2 Bg4 4. g3 e6 5. Bg2 Be7 6. O-O O-O 7. d3 c6 8. Nbd2 Nbd7 9. h3 Bh5 10.
c4 a5 11. g4 Bg6 12. Ne5 Nxe5 13. Bxe5 a4 14. bxa4 Qa5 15. Rb1 Ra7 16. Bd4 c5 17. Bxf6 Bxf6 18. cxd5 exd5 19. Bxd5 Qc7 20. Bg2 h5 21.
Ne4 Bxe4 22. Bxe4 hxg4 23. hxg4 g6 24. Kg2 Kg7 25. Rh1 Qd7 26. f3 Qxa4 27. Qc1 Rh8 28. Rxh8 Kxh8 29. Qxc5 Kg7 30. Rxb7 Rxb7 31. Bxb7 Qxa2 32.
Qf2 Qd2 33. Be4 Bg5 34. Qd4+ Kg8 35. Qf2 Be3 36. Qf1 g5 37. Bd5 Kg7 38. Bb3 Qc1 39.
Qxc1 Bxc1 40. Kf2 Kf6 41. e3 Ke7 42. Ke2 f6 43. d4 Kd6 44. Kd3 Ba3 45. Ke4 Bc1 46.
Bc4 Bd2 47. Bg8 Bc1 48. Bh7 Bd2 49. Bg6 Bc1 50. Bf5 Bd2 51. Kd3 Bc1 52. e4 Bf4 53. Bh7 Bh2 54. Bg8 Bf4 55. Bc4 Bh2 56. Bd5 Bf4 57. Kc4 Bh2 58. Bb7 Bf4 59. Kb5 Be3 60. Kc4 Bf4 61. Bc8 Bg3 62. Kb5 Bf2 63. d5 Bg3 64. Kb6 Be5 65. Ba6 Bf4 66. Kb7 Be5 67. Kc8 Bf4 68. Kd8 Be5 69. Ke8 Bc3 70. Kf7 Bd4 71.
Kg6 Bc3 72. Kf5 Bd4 73. f4 gxf4 74. Kxf4 Be5+ 75. Kf5 Bc3 76. Bb5 Bd4 77. Bf1 Bc3 78. Be2 Bd4 79. Bd1 Bc3 80. Bc2 Bd4 81. Bb3 Bc3 82.
Kf4 Bd4 83. Kf3 Be5 84. Ke3 Ba1 85. Ba2 Be5 86. Kf3 Ba1 87. Kf4 Be5+ 88. Kf5 Ba1 89. g5 fxg5 90. Kxg5 Be5 91. Bb1 Bh2 92. Kg4 Be5 93.
Kf3 Bb2 94. Ke2 Be5 95. Bd3 Bh2 96. Kd1 Be5 97. Kc2 Bh2 98. Kb3 Be5 99. Bc2 Bh2 100. Ka4 Be5 101. Bb1 Bh2 102. Kb5 Be5 103. Kc4 Bh2 104. Kd3 Be5 105. Ke2 Ba1 106. Bc2 Be5 107. Bd1 Bf6 108. Kf3 Be5 109. Kg4 Bc3 110. Kf5 Be5 111. Be2 Ba1 112.
Bd3 Bd4 113. Bc4 Bc3 114. Bb3 Bb2 115. Ba4 Ba1 116. Bc6 Bb2 117. Kg4 Ba1 118. Kf3 Bb2 119. Ke3 Ba1 120. Kd3 Be5 121. Kc2 Bf6 122. Kd2 Be5 123. Kd1 Bf6 124. Ke2 Be5 125. Kf1 Bf6 126. Kg2 Be5 127. Kh3 Bb2 128. Kg4 Bc3 129. Kh5 Bb2 130. Kh6 Bc3 131. Ba4 Bb2 132. Bc2 Bc3 133. Kg6 Bb2 134. Kf5 Bc3 135. Kg4 Bb2 136. Kf3 Bc3 137. Ke2 Be5 138. Bd3 Bf6 139. Kf2 Be5 140. Bf1 1/2-1/2

[Event "Early-Titled-Tuesday-Blitz-April-02-2024"]
[Site "Chess.com"]
[Date "2024.04.02"]
[Round "11"]
[White "ChessQueen"]
[Black "sergoy"]
[Result "0-1"]
[WhiteElo "2738"]
[BlackElo "2894"]
[TimeControl "180+1"]
[EndTime "10:11:45 PDT"]
[Termination "sergoy won on time"]

1. e4 c5 2. c3 Nf6 3. e5 Nd5 4. Nf3 e6 5. d4 cxd4 6. cxd4 d6 7. Bc4 Nc6 8. O-O Be7 9. Qe2 O-O 10. Rd1 Qc7 11.
a3 Bd7 12. Bd2 Rac8 13. Bxd5 exd5 14. Nc3 Be6 15. Rac1 h6 16. Bf4 Qd8 17. Qe3 dxe5 18. dxe5 Re8 19. Qd3 Qb6 20. b4 Red8 21. Na4 Qa6 22.
Qxa6 bxa6 23. Nc5 a5 24. Nb7 Re8 25. b5 Nb8 26. a4 Bb4 27. Nd6 Rxc1 28. Rxc1 Rd8 29.
h3 Nd7 30. Nb7 Rb8 31. Rc7 Nb6 32. Nd4 Nxa4 33. Nc6 Re8 34. Nbxa5 Nc3 35. Rb7 Bc5 36. Bd2 Nd1 37. Nxa7 Nxf2 38. Kf1 Ne4 39. Be1 d4 40. N7c6 d3 41. Rb8 Rxb8 42. Nxb8 d2 43. Bxd2 Nxd2+ 44.
Ke2 Nc4 45. Nb7 Bg1 46. Nc6 Bd5 47. Ne7+ Kf8 48. Nxd5 Nxe5 49. Nd6 Nd7 50. Nc8 Ke8 51. b6 Kd8 52. b7 Bc5 53. Nc3 Kc7 54. Ne4 Kxb7 55.
Nxc5+ Kxc8 56. Ne4 Kd8 57. Nd6 Ke7 58. Nf5+ Kf6 59.
Nd6 Ne5 60. Kf2 Ke6 61. Ne4 f5 62. Nc5+ Kf6 63. Nb7 Nf7 64. Nc5 Nd6 65. Nd7+ Ke6 66. Nc5+ Kd5 67. Nd7 Ne4+ 68. Kf3 Ke6 69. Nb6 g5 70.
Nc4 Nf6 71. Ke3 Nd7 72. Kd4 Nf6 73. Ne3 f4 74. Nc4 Kf5 75. Kd3 Nd5 76. Ke2 h5 77.
Kf2 Nc3 78. Nd6+ Ke5 79. Nf7+ Kf6 80. Nd6 Ke6 81. Nc4 Ne4+ 82. Kf3 Kf5 83. Ke2 Ng3+ 84.
Kf2 Ne4+ 85. Kf3 g4+ 86. hxg4+ hxg4+ 87. Ke2 Ke6 88. Nb2 Kf5 89. Nd3 Nf6 90. Kf2 Ke4 91. Nc5+ Kd5 92. Nd3 Ke4 93. Nc5+ Kf5 94. Nd3 Ne4+ 95.
Ke2 Kg5 96. Ne5 Kh4 97. Kf1 Kg3 98. Nd3 Ng5 99. Kg1 Ne6 100. Kf1 Nd4 101. Kg1 Nc2 102. Nc5 Ne3 103. Ne4+ Kh4 104. Kf2 Nf5 105. Kg1 Kh5 106.
Kf2 Kg6 107. Nc5 Kf6 108. Nd3 Kg5 109. Nc5 Nd6 110. Ne6+ Kf5 111. Nd4+ Ke5 112. Ne2 Ne4+ 113. Kg1 g3 114. Kf1 Kf5 115. Kg1 Kg4 116. Nd4 Nc3 117. Nf3 Nd5 118. Ne5+ Kf5 119. Nf3 Ne3 120. Nd4+ Ke4 121. Nf3 Nf5 122. Ng5+ Ke3 123. Nf3 Nd4 124. Ng5 Ke2 125. Ne4 Ke1 126. Ng5 Ne2+ 127. Kh1 Kf1 128. Nf3 Nc3 129. Nd2+ Ke2 130. Nf3 Kf2 131. Nd2 Nd1 132. Nf3 Ne3 133. Nd2 Nxg2 134. Ne4+ Kf3 135. Nd2+ Ke2 136. Nf1 Ne3 0-1